 Dungeon Crawl Stone Soup version 0.31.0 (webtiles) character file.

Game seed: 14170994045738113492

44 qw the Shooter (level 3, -1/22 HPs)
             Began as a Gargoyle Hunter on Jan 19, 2024.
             Slain by a goblin
             ... wielding a +0 flail
              (8 damage)
             ... on level 2 of the Dungeon.
             The game lasted 00:00:02 (888 turns).

qw the Shooter (Gargoyle Hunter)                     Turns: 888, Time: 00:00:03

Health: -1/22      AC:  6    Str: 14    XL:     3   Next: 62%
Magic:  3/3        EV: 11    Int:  9    God:
Gold:   63         SH:  0    Dex: 15    Spells: 2/2 levels left

rFire   . . .        a - +0 shortbow
rCold   . . .        (shield currently unavailable)
rNeg    + . .        c - +0 leather armour
rPois   inf          (no helmet)
rElec   +            (no cloak)
rCorr   .            (no gloves)
SInv    .            (no boots)
Will    .....        (no amulet)
Stlth   ++           (no ring)
HPRegen 0.23/turn    (no ring)
MPRegen 0.08/turn

%: no passive effects
@: no status effects
A: sickness immunity, AC +3, negative energy resistance 1, electricity
resistance, torment resistance 1, petrification resistance
a: no special abilities


You were on level 2 of the Dungeon.
You visited 1 branch of the dungeon, and saw 2 of its levels.

You collected 63 gold pieces.


Innate Abilities, Weirdness & Mutations

You are immune to sickness and miasma.
Your stone body is resilient. (AC +3)
You are immune to poison.
You resist negative energy. (rN+)
You are resistant to electric shocks. (rElec)
You are resistant to unholy torment.
You are immune to petrification.


   Skills:
 + Level 2.8 Fighting
 - Level 5.0 Ranged Weapons
 - Level 1.5 Dodging
 - Level 1.1 Stealth


You had 2 spell levels left.
You didn't know any spells.
Your spell library was empty.

Inventory:

Hand Weapons
 a - a +0 shortbow (weapon)
Armour
 c - a +0 leather armour (worn)
Potions
 b - a potion of lignification {unknown}
 d - a potion of curing
 e - a potion of haste {unknown}

Dungeon Overview and Level Annotations

Branches:
Dungeon (2/15)

Altars:
Ashenzari


Message History

You shoot an arrow.
The arrow hits the hobgoblin but does no damage.
The hobgoblin misses you.
You shoot an arrow. The arrow hits the hobgoblin!
You kill the hobgoblin!
Found a stone staircase leading up.
Enter note:
Enter note:
Enter note: You see here a hobgoblin corpse.
A goblin comes into view. It is wielding a +0 flail.
The goblin moves out of view.
Found a dagger.
A gnoll comes into view. It is wielding a +0 whip.
You shoot an arrow. The arrow barely misses the goblin.
The goblin shouts!
You hear a shout!
You shoot an arrow. The arrow closely misses the goblin.
You shoot an arrow. The arrow closely misses the goblin.
A gnoll comes into view. It is wielding a +0 spear.
The gnoll moves out of view.
You shoot an arrow. The arrow barely misses the goblin.
The goblin closely misses you.
You shoot an arrow.
The arrow hits the gnoll but does no damage.
The goblin barely misses you. The gnoll closely misses you.
You shoot an arrow. The arrow hits the gnoll.
The gnoll is moderately wounded.
The goblin hits you with a +0 flail! The gnoll closely misses you.
You shoot an arrow. The arrow hits the gnoll.
The gnoll is heavily wounded.
The goblin closely misses you.
You shoot an arrow. The arrow hits the gnoll!
You kill the gnoll!
The gnoll hits you from afar with a +0 spear.
The goblin closely misses you.
You shoot an arrow. The arrow misses the goblin.
The gnoll hits you from afar with a +0 spear.
The goblin hits you with a +0 flail!
You die...

#.# #.#####.###
..........# ..........#
..........####
#.####.......# #
#.......#
..).##.).....######
.....g.@..........######
.....#.g.....####.#.%...
.....##.#.....###.#.####
....##. #.#.#.......#.#
....##.##.#.#.#.......#
....................>##
............#.#......#
............#.#..######
#............#...^.......


You could see a gnoll and a goblin.

Vanquished Creatures
  A gnoll (D:2)
  2 dart slugs (D:1)
  A ball python (D:1)
  4 bats
  An endoplasm (D:2)
  A giant cockroach (D:1)
  4 goblins (D:1)
  3 hobgoblins
  2 quokkas
  3 frilled lizards
  4 kobolds
  2 rats
28 creatures vanquished.

Notes
Turn   | Place    | Note
-------+----------+-------------------------------------------
     0 | D:1      | qw the Gargoyle Hunter began the quest for the Orb.
     0 | D:1      | Reached XP level 1. HP: 12/12 MP: 1/1
     0 | D:1      | 0 ||| qw: Version: 0.3-a-132-g3d54051
     0 | D:1      | 0 ||| qw: Game counter: 107
     0 | D:1      | 0 ||| qw: Melee chars always use a shield: true
     0 | D:1      | 0 ||| qw: God list: Okawaru
     0 | D:1      | 0 ||| qw: Allow faded altars: false
     0 | D:1      | 0 ||| qw: Do Orc after clearing Dungeon:15 true
     0 | D:1      | 0 ||| qw: Do second Lair branch before Depths: true
     0 | D:1      | 0 ||| qw: Lair rune preference: random
     0 | D:1      | 0 ||| qw: Goals: Normal
     0 | D:1      | 0 ||| PLANNING D:1-11
   103 | D:1      | Reached XP level 2. HP: 17/17 MP: 2/2
   551 | D:1      | Reached XP level 3. HP: 19/21 MP: 3/3
   629 | D:1      | 629 ||| READING scroll labelled HUFFOK KAGHIOL.
   629 | D:1      | 629 ||| IDENTIFYING orange potion
   630 | D:1      | 630 ||| DROPPING scroll of butterflies.
   655 | D:2      | Reached skill level 5 in Ranged Weapons
   755 | D:2      | Found a broken altar of Ashenzari.
   888 | D:2      | Slain by a goblin

Levels and vault maps discovered:
D:1:      grunt_arrival_crossed_arrows, layout_loops_ring
D:2:      layout_basic, basic_altar

Skill      XL: |  1  2  3 |
---------------+----------+-----
Ranged Weapons | 5 |  5.0
Fighting       | |  2.8
Dodging        | |  1.5
Stealth        | |  1.1

Action                     || total
---------------------------++-------
   Fire: Shortbow          ||    92
    Use: Scroll            ||     1
 Armour: Leather armour    ||    22
  Dodge: Dodged            ||    28

Table legend:
 A = Non-vault XP
 B = Vault XP
 C = Vault XP percentage of total XP
 D = Non-vault monster count
 E = Vault monster count
 F = Vault count percentage of total count
                 A         B        C        D         E       F
            +---------+---------+-------+---------+---------+-------
      Total |      64 |       0 |   0.0 |      28 |       0 |   0.0
            +---------+---------+-------+---------+---------+-------
        D:1 |      37 |       0 |   0.0 |      19 |       0 |   0.0
        D:2 |      27 |       0 |   0.0 |       9 |       0 |   0.0
            +---------+---------+-------+---------+---------+-------
